 Dungeon Crawl Stone Soup version 0.20.0 (webtiles) character file.

184 Eucla the Slasher (level 5, -7/27 HPs)
             Began as a Spriggan Fighter on June 2, 2017.
             Was an Initiate of Okawaru.
             Mangled by a gnoll (9 damage)
             ... on level 2 of the Dungeon.
             The game lasted 00:02:43 (2654 turns).

Eucla the Slasher (Spriggan Fighter)                Turns: 2654, Time: 00:02:45

Health: -7/27      AC:  3    Str: 13    XL:     5   Next: 36%
Magic:  6/6        EV: 19    Int:  9    God:    Okawaru [......]
Gold:   126        SH:  6    Dex: 16    Spells: 4/4 levels left

rFire    . . .     SeeInvis +   a - +0 long sword
rCold    . . .     Gourm    .   c - +0 buckler
rNeg     . . .     Faith    .   b - +0 robe
rPois    .         Spirit   .   (helmet restricted)
rElec    .         Reflect  .   o - +0 cloak
rCorr    .         Harm     .   (gloves unavailable)
MR       .....                  (boots unavailable)
Stlth    +.........             (no amulet)
Regen    0.1/turn               (no ring)
MPRegen  0.1/turn               (no ring)

@: very quick
A: unfitting armour, see invisible, herbivore 3, speed 3, slow metabolism 2
a: Renounce Religion


You were on level 2 of the Dungeon.
You worshipped Okawaru.
Okawaru was noncommittal.
You were not hungry.

You visited 1 branch of the dungeon, and saw 3 of its levels.

You collected 126 gold pieces.

Inventory:

Hand Weapons
 a - a +0 long sword (weapon)
Armour
 b - a +0 robe (worn)
 c - a +0 buckler (worn)
 o - a +0 cloak (worn)
Scrolls
 e - 2 scrolls of teleportation {unknown}
 g - a scroll of remove curse {unknown}
 j - a scroll of noise {unknown}
 l - a scroll of identify {unknown}
 n - a scroll of fog {unknown}
Potions
 d - a potion of might
 h - a potion of heal wounds {unknown}
 m - a potion of brilliance {unknown}
Comestibles
 f - 2 bread rations
 i - 2 royal jellies


   Skills:
 - Level 2.4 Fighting
 + Level 4.7 Long Blades
 - Level 4.4 Dodging
 - Level 2.1 Shields


You had 4 spell levels left.
You didn't know any spells.

Dungeon Overview and Level Annotations

Branches:
Dungeon (3/15)

Altars:
Elyvilon
Fedhas
Gozag
Okawaru
Zin


Innate Abilities, Weirdness & Mutations

You are very small and have problems with some larger weapons.
You are too small for most types of armour.
You have supernaturally acute eyesight. (SInv)
You are a herbivore.
You cover ground extremely quickly.
You need consume almost no food.


Message History

The gnoll barely misses you.
You riposte.
You barely miss the gnoll.
The gnoll is heavily wounded.
The gnoll sergeant hits you with a spear!
Ouch! That really hurt!
* * * LOW HITPOINT WARNING * * *
You block the gnoll's attack.
You slash the gnoll sergeant!
The gnoll sergeant is severely wounded.
The gnoll completely misses you.
The gnoll sergeant hits you with a spear.
* * * LOW HITPOINT WARNING * * *
Unknown command.
You completely miss the gnoll sergeant.
The gnoll sergeant is severely wounded.
The gnoll sergeant completely misses you.
You riposte.
You hit the gnoll sergeant but do no damage.
The gnoll sergeant is severely wounded.
The gnoll hits you!
You die...

##### #...#
########## #.#.#
#......... #.#.#
#.........
#.#.#####.........
#.................
#g#.#####†........
#@g.....+.........
###.#####.........
#.# ########## #.#
# #.# ### #.# #..
#.# #.. #(# #..
#.# #..


You could see a gnoll sergeant and a gnoll.

Vanquished Creatures
  Crazy Yiuf (D:2)
  An orc priest (D:2)
  An orc wizard (D:2)
  3 gnolls (D:2)
  A worm (D:2)
  A dart slug (D:1)
  2 leopard geckos
  3 orcs
  3 giant cockroaches
  5 hobgoblins
  8 jackals
  6 kobolds
  A ball python (D:1)
  11 bats
  4 frilled lizards
  5 goblins
  8 rats
64 creatures vanquished.

Notes
Turn   | Place    | Note
-------+----------+-------------------------------------------
     0 | D:1      | Eucla the Spriggan Fighter began the quest for the Orb.
     0 | D:1      | Reached XP level 1. HP: 11/11 MP: 2/2
   125 | D:1      | Reached XP level 2. HP: 12/16 MP: 3/3
   739 | D:1      | Reached XP level 3. HP: 17/19 MP: 4/4
  1025 | D:2      | Found a white marble altar of Elyvilon.
  1156 | D:2      | Found a blossoming altar of Fedhas.
  1157 | D:2      | Found a glowing silver altar of Zin.
  1569 | D:2      | Found an iron altar of Okawaru.
  1597 | D:2      | Became a worshipper of Warmaster Okawaru
  1691 | D:2      | Found a runed door.
  1976 | D:2      | Noticed Crazy Yiuf
  1989 | D:2      | Killed Crazy Yiuf
  1989 | D:2      | Reached XP level 4. HP: 11/23 MP: 5/5
  2031 | D:3      | Found an opulent altar of Gozag.
  2062 | D:2      | Reached XP level 5. HP: 16/27 MP: 6/6
  2654 | D:2      | Mangled by a gnoll

Skill      XL: |  1  2  3  4 |
---------------+-------------+-----
Long Blades    | 2 3 4 |  4.7
Fighting       | |  2.4
Dodging        | |  4.4
Shields        | |  2.1

Action                   |  1- 3 |  4- 6 || total
-------------------------+-------+-------++-------
Melee: Long sword        |   133 |    51 ||   184
  Use: Potion            |       |     2 ||     2
 Stab: Sleeping          |     2 |       ||     2
Armor: Robe              |    16 |     2 ||    18
Dodge: Dodged            |   101 |    55 ||   156
Block: Buckler           |    40 |    18 ||    58
       Rpst.: Long sword |    33 |    20 ||    53
